 Dungeon Crawl Stone Soup version 0.24-a0-630-g0d56a851f4 (webtiles) character file.

Game seed: 2963228207698531219, levelgen mode: deterministic

86 Eightlegvermin the Skirmisher (level 4, 0/31 HPs)
             Began as an Octopode Transmuter on Sept 7, 2019.
             Killed from afar by an orc wizard (4 damage)
             ... with a magic dart
             ... on level 3 of the Dungeon on Sept 20, 2019.
             The game lasted 00:20:06 (2183 turns).

Eightlegvermin the Skirmisher (Octopode Transmuter) Turns: 2183, Time: 00:20:10

Health: 0/31       AC:  1    Str:  9    XL:     4   Next: 49%
Magic:  7/7        EV: 13    Int: 15    God:
Gold:   102        SH:  0    Dex: 13    Spells: 6/7 levels left

rFire    . . .     SeeInvis .     - Unarmed
rCold    . . .     Gourm    .   (no shield)
rNeg     . . .     Faith    .   (helmet restricted)
rPois    .         Spirit   .   (no amulet)
rElec    .         Reflect  .   (no ring)
rCorr    .         Harm     .   (no ring)
MR       .....                  (no ring)
Stlth    ++........             (no ring)
HPRegen  0.10/turn              (no ring)
MPRegen  0.10/turn              (no ring)
                                (no ring)
                                (no ring)

@: about to teleport
A: almost no armour, stealthy swim, amphibious, 8 rings, constrict 8, camouflage
1, gelatinous body 1
a: no special abilities


You were on level 3 of the Dungeon.
You were not hungry.

You visited 1 branch of the dungeon, and saw 3 of its levels.

You collected 102 gold pieces.

Inventory:

Missiles
 a - 43 arrows
Wands
 q - a wand of polymorph (6)
Scrolls
 b - 3 scrolls of identify
 e - a scroll of blinking
 f - 2 scrolls of magic mapping
 j - a scroll of immolation {unknown}
 p - a scroll of amnesia
Potions
 d - 2 potions of berserk rage
 g - 2 potions of brilliance {unknown}
 h - a potion of agility {unknown}
 i - a potion of curing {unknown}
 l - a potion of flight {unknown}
 n - a potion of cancellation {unknown}
 o - a potion of heal wounds {unknown}
Comestibles
 c - 2 rations
 k - 4 chunks of flesh


   Skills:
 * Level 3.3 Fighting
 - Level 2.0 Dodging
 - Level 3.0 Unarmed Combat
 + Level 2.0 Spellcasting
 + Level 3.0 Transmutations


You had 6 spell levels left.
You knew the following spells:

 Your Spells              Type           Power        Failure   Level  Hunger
a - Beastly Appendage     Tmut           ##....       6%          1    #......

Your spell library contained the following spells:

 Spells                   Type           Power        Failure   Level  Hunger
 Sticks to Snakes         Tmut           ##......     10%         2    ###....
 Spider Form              Tmut/Pois      #.........   34%         3    ###....
 Ice Form                 Ice/Tmut       #.......     75%         4    #####..
 Blade Hands              Tmut           ##........   87%         5    ######.


Dungeon Overview and Level Annotations

Branches:
Dungeon (3/15)

Altars:
Nemelex Xobeh


Innate Abilities, Weirdness & Mutations

You cannot wear most types of armour.
You are very stealthy in the water. (Stealth+)
You are amphibious.
You can wear up to eight rings at the same time.
You can use your tentacles to constrict eight enemies at once.
Your skin changes colour to match your surroundings (Stealth+).
Your rubbery body absorbs attacks. (AC +1, EV +1)


Message History

The orc wizard gestures at you while chanting.
The magic dart hits you!
* * * LOW HITPOINT WARNING * * *
The goblin completely misses you.
The orc wizard hits you with a +0 dagger.
* * * LOW HITPOINT WARNING * * *
You tentacle-slap the orc wizard. Your grab misses the orc wizard.
Your squeeze misses the orc wizard.
The orc wizard is moderately wounded.
The goblin hits you.
* * * LOW HITPOINT WARNING * * *
The orc wizard hits you with a +0 dagger.
* * * LOW HITPOINT WARNING * * *
As you read the scroll of teleportation, it crumbles to dust.
You feel strangely unstable.
Your tentacle spike disappears.
The goblin barely misses you. The orc wizard casts a spell at you.
The magic dart hits you.
You die...

#### ## ## #.. .# .. #.# .#
###.##.#### .# #.o....†..# .#
....#.##.##.# .# g #
#....g##.## #....o@...#
#.###.###.# #...# #.# #.# #.#
#...# ########.# #.###.# #...#
# #........# #..##.# #...# #
#........###..##.######...####
#........##...................
#........##...................
#............................>


You could see an orc wizard and a goblin.

Vanquished Creatures
  3 adders
  An ooze (D:3)
  3 worms
  4 leopard geckos
  An orc (D:3)
  5 goblins
  5 hobgoblins
  2 kobolds
  A quokka (D:3)
  2 ball pythons (D:3)
  6 bats
  5 frilled lizards
  5 rats
43 creatures vanquished.

Notes
Turn   | Place    | Note
-------+----------+-------------------------------------------
     0 | D:1      | Eightlegvermin the Octopode Transmuter began the quest for
                  | the Orb.
     0 | D:1      | Reached XP level 1. HP: 13/13 MP: 3/3
   667 | D:2      | Reached XP level 2. HP: 18/18 MP: 5/5
   731 | D:2      | You fall into a shaft and drop 1 floor!
   953 | D:2      | Reached XP level 3. HP: 24/25 MP: 4/6
  1460 | D:2      | Found a sparkling altar of Nemelex Xobeh.
  1805 | D:3      | Reached XP level 4. HP: 25/31 MP: 7/7
  2103 | D:3      | Upgraded the game from 0.24-a0-585-g5c5dc1b5cb to
                  | 0.24-a0-630-g0d56a851f4
  2183 | D:3      | Killed from afar by an orc wizard

Levels and vault maps discovered:
D:1:      minmay_arrival_four_houses, layout_loops_ring
D:2:      layout_basic, lemuel_doored_altar, mrwooster_statue_mirror
D:3:      minmay_door_path, layout_loops_cross, uniq_robin

Skill      XL: |  1  2  3  4 |
---------------+-------------+-----
Fighting       | 2 3 |  3.3
Transmutations | 3 |  3.0
Dodging        | |  2.0
Unarmed Combat | |  3.0
Spellcasting   | |  2.0

Action                   |  1- 3 |  4- 6 || total
-------------------------+-------+-------++-------
Melee: Unarmed           |    67 |    43 ||   110
       Constrict         |    14 |    12 ||    26
       Tentacles         |    10 |     5 ||    15
       Kick              |     9 |     7 ||    16
       Punch             |     1 |     1 ||     2
 Cast: Beastly Appendage |    11 |     3 ||    14
  Use: Scroll            |     6 |     1 ||     7
 Stab: Sleeping          |     8 |     1 ||     9
  Eat: Chunk             |     3 |     1 ||     4
Armor: Skin              |       |     5 ||     5
Dodge: Dodged            |    36 |    33 ||    69

Table legend:
 A = Non-vault XP
 B = Vault XP
 C = Vault XP percentage of total XP
 D = Non-vault monster count
 E = Vault monster count
 F = Vault count percentage of total count
                 A         B        C        D         E       F
            +---------+---------+-------+---------+---------+-------
      Total |     105 |      18 |  14.6 |      39 |       4 |   9.3
            +---------+---------+-------+---------+---------+-------
        D:1 |       9 |       0 |   0.0 |       6 |       0 |   0.0
        D:2 |      42 |       0 |   0.0 |      15 |       0 |   0.0
        D:3 |      54 |      18 |  25.0 |      18 |       4 |  18.2
            +---------+---------+-------+---------+---------+-------
